 Dungeon Crawl Stone Soup version 0.30.1 (webtiles) character file.

Game seed: 13696239058389701753

163 Arctor the Insei (level 5, 0/34 HPs)
             Began as an Octopode Transmuter on July 12, 2023.
             Slain by an adder (1 damage)
             ... on level 4 of the Dungeon.
             The game lasted 00:03:28 (3560 turns).

Arctor the Insei (Octopode Transmuter)              Turns: 3560, Time: 00:03:28

Health: 0/34       AC:  1    Str:  9    XL:     5   Next: 44%
Magic:  4/9        EV: 18    Int: 23    God:
Gold:   168        SH:  0    Dex: 11    Spells: 4/9 levels left

rFire   . . .        b - +4 arbalest (heavy)
rCold   . . .        (shield currently unavailable)
rNeg    . . .        (helmet currently unavailable)
rPois   +            (no amulet)
rElec   .            d - +6 ring of intelligence
rCorr   .            h - +5 ring of evasion
SInv    .            p - ring of poison resistance
Will    +....        (no ring)
Stlth   ++           (no ring)
HPRegen 0.25/turn    (no ring)
MPRegen 0.11/turn    (no ring)
                     (no ring)

%: no passive effects
@: mighty, lethally poisoned (0 -> -10), appendages, very slightly contaminated
A: tentacle spike 3, almost no armour, amphibious, 8 rings, camouflage 1,
gelatinous body 1, (nimble swimmer 1), tentacles, clumsy 1, strong-willed 1,
MP-powered wands
a: End Transformation


You were on level 4 of the Dungeon.
One of your tentacles had grown a beastly spike.
You visited 1 branch of the dungeon, and saw 4 of its levels.

You collected 168 gold pieces.

Inventory:

Hand Weapons
 b - a +4 heavy arbalest (weapon)
Jewellery
 d - a +6 ring of intelligence (left tentacle)
 h - a +5 ring of evasion (right tentacle)
 p - a ring of poison resistance (on tentacle)
Scrolls
 c - 2 scrolls of enchant armour
 e - 2 scrolls of teleportation {unknown}
 f - a scroll of identify
 g - a scroll of torment
 j - 2 scrolls of fog
 k - 2 scrolls of enchant weapon
 m - 2 scrolls of noise
Potions
 a - a potion of lignification
 l - 3 potions of curing {unknown}
 n - a potion of cancellation {unknown}
 o - a potion of invisibility {unknown}


   Skills:
 + Level 2.2 Fighting
 + Level 0.4 Ranged Weapons
 + Level 2.9 Dodging
 + Level 3.6 Unarmed Combat
 + Level 2.8 Spellcasting
 * Level 3.0 Transmutations
 + Level 0.3 Ice Magic


You had 4 spell levels left.
You knew the following spells:

 Your Spells              Type           Power      Damage    Failure   Level
a - Beastly Appendage     Tmut           34%        N/A       3%          1
b - Ice Form              Ice/Tmut       11%        N/A       52%         4

Your spell library contained the following spells:

 Spells                   Type           Power      Damage    Failure   Level
 Wereblood                Tmut           17%        N/A       4%          2
 Passwall                 Tmut/Erth      8%         N/A       10%         2
 Sandblast                Erth           6%         2d5       12%         1
 Ensorcelled Hibernation  Hex/Ice        6%         N/A       17%         2
 Spider Form              Tmut/Pois      10%        N/A       19%         3
 Stone Arrow              Conj/Erth      6%         3d7       34%         3
 Anguish                  Hex/Necr       1%         N/A       75%         4


Dungeon Overview and Level Annotations

Branches:
Dungeon (4/15)
 Temple: D:4-7

Altars:
Hepliaklqana

Shops:
D:2 ?


Innate Abilities, Weirdness & Mutations

One of your tentacles has grown a beastly spike.
You cannot wear most types of armour.
You are amphibious.
You can wear up to eight rings at the same time.
Your skin changes colour to match your surroundings (Stealth+).
Your rubbery body absorbs attacks. (AC +1, EV +1)
((You are camouflaged when in or above water. (Stealth+)))
You have tentacles for arms and can constrict up to eight enemies at once.
You are clumsy. (Dex -2)
You are strong-willed. (Will+)
You expend magic power (3 MP) to strengthen your wands.


Message History

The adder hisses angrily.
The adder is heavily wounded.
The adder closely misses you. The adder completely misses you.
You shoot a bolt. The bolt closely misses the adder.
The adder bites you.
You are poisoned.
The adder poisons you! The adder bites you but does no damage.
The adder bites you.
You are more poisoned.
The adder poisons you!
You shoot a bolt. The bolt closely misses the adder.
You feel extremely sick. The adder bites you. The adder misses you.
The adder bites you. x2
You are more poisoned.
The adder poisons you!
You are too injured to fight recklessly!
You are too injured to fight recklessly!
Unknown command.
You are too injured to fight recklessly!
Casting: Beastly Appendage (safe; 3% risk of failure)
Confirm with . or Enter, or press ? or * to list all spells.
One of your tentacles grows a vicious spike.
You feel sick. The adder closely misses you.
Unknown command.
Casting: Beastly Appendage (safe; 3% risk of failure)
Confirm with . or Enter, or press ? or * to list all spells.
The spell is astonishingly dangerous to miscast (52% risk of failure)!
Continue anyway?
You miscast Ice Form.
You are very lightly contaminated with residual magic.
You shiver with cold!
* * * LOW HITPOINT WARNING * * *
x2 You feel sick.
The adder bites you.
* * * LOW HITPOINT WARNING * * *
You are more poisoned.
The adder poisons you!
It was a potion of might.
You feel very mighty all of a sudden.
* * * LOW HITPOINT WARNING * * *
You feel very sick. The adder misses you. The adder bites you.
You die...

# # ###. .#### ....###...
...#... #. #### #...#########
#. #..# +..@S..#..#...#) #..#
#...#..#..# #.#.#
####'#####...#####†####...
#..'.....#...#.....†..#...
#..#.....#...#.....#..#...###
#†##.....'...†.....####..#...
#..#.....#...#.....#..##.#.##
#..+.....#...#.....'..##.#.##
####'#####...#####'#####.†...


You could see an adder.

Vanquished Creatures
  An orc priest (D:3)
  8 adders
  2 worms
  A dart slug (D:2)
  4 orcs (D:3)
  8 ball pythons
  A bat (D:2)
  7 endoplasms
  3 giant cockroaches
  3 goblins
  4 hobgoblins
  2 kobolds
  A quokka (D:3)
  2 frilled lizards
  3 rats
50 creatures vanquished.

Notes
Turn   | Place    | Note
-------+----------+-------------------------------------------
     0 | D:1      | Arctor the Octopode Transmuter began the quest for the Orb.
     0 | D:1      | Reached XP level 1. HP: 13/13 MP: 3/3
   432 | D:1      | Found a faded altar of an unknown god.
   545 | D:1      | Reached XP level 2. HP: 17/18 MP: 3/5
   903 | D:2      | Reached XP level 3. HP: 18/23 MP: 4/6
  1016 | D:2      | Found Minnetot's Magic Scroll Boutique.
  2077 | D:3      | Reached XP level 4. HP: 15/29 MP: 7/7
  3147 | D:3      | Found a hazy altar of Hepliaklqana.
  3174 | D:4      | Gained mutation: You are clumsy. (Dex -2) [potion of
                  | mutation]
  3174 | D:4      | Gained mutation: You expend magic power (3 MP) to
                  | strengthen your wands. [potion of mutation]
  3174 | D:4      | Gained mutation: You are strong-willed. (Will+) [potion of
                  | mutation]
  3202 | D:4      | Identified a scroll of acquirement
  3202 | D:4      | Acquired a +4 heavy arbalest
  3234 | D:4      | Learned a level 4 spell: Ice Form
  3403 | D:4      | Reached XP level 5. HP: 33/34 MP: 9/9
  3560 | D:4      | HP: 1/34 [poisoned by an adder]
  3560 | D:4      | Slain by an adder

Illustrated notes

Levels and vault maps discovered:
D:1:      minmay_arrival_doors, layout_basic, ebering_ecumenical_altar_hall,
          chequers_serial_rivers_small_a
D:2:      layout_loops_corners, serial_shops, shop_fountains, minmay_tripent
D:3:      layout_basic, worldfamousw_hep_ancestral_shrine
D:4:      layout_loops_ring, minmay_snake_closets

Skill      XL: |  1  2  3  4  5 |
---------------+----------------+-----
Fighting       | 2 |  2.2
Transmutations | 3 |  3.0
Ranged Weapons | |  0.4
Dodging        | |  2.9
Unarmed Combat | |  3.6
Spellcasting   | |  2.8
Ice Magic      | |  0.3

Action                     |  1- 3 |  4- 6 || total
---------------------------+-------+-------++-------
  Melee: Unarmed           |    61 |    27 ||    88
         Kick              |    14 |    10 ||    24
         Constrict         |    19 |     7 ||    26
         Tentacles         |    14 |     6 ||    20
         Punch             |     1 |       ||     1
   Fire: Arbalest          |       |    29 ||    29
   Cast: Beastly Appendage |    36 |    18 ||    54
    Use: Scroll            |       |     9 ||     9
         Potion            |       |     2 ||     2
   Stab: Sleeping          |     3 |     2 ||     5
 Armour: Skin              |     5 |     2 ||     7
  Dodge: Dodged            |    42 |    48 ||    90
